 Dungeon Crawl Stone Soup version 0.19.4 (webtiles) character file.

60 JeffiDaFish the Stinger (level 3, -1/25 HPs)
             Began as a Demonspawn Venom Mage on Feb 2, 2017.
             Killed from afar by Sigmund (7 damage)
             ... with a puff of flame
             ... on level 2 of the Dungeon.
             The game lasted 00:10:58 (2377 turns).

JeffiDaFish the Stinger (Demonspawn Venom Mage)     Turns: 2377, Time: 00:10:58

Health: -1/25      AC:  4    Str:  6 (8)  XL:     3   Next: 80%
Magic:  1/6        EV: 12    Int: 14 (16) God:
Gold:   88         SH:  0    Dex: 13 (14) Spells: 2 memorised, 3 levels left

rFire  . . .     SeeInvis .     a - -1 short sword (curse)
rCold  . . .     Gourm    .     k - +1 leather armour
rNeg   . . .     Faith    .     (no shield)
rPois  .         Spirit   .     (no helmet)
rElec  .         Reflect  .     (no cloak)
rCorr  .         Harm     .     (no gloves)
MR     .....                    (no boots)
Stlth  ++........               (no amulet)
                                (no ring)
                                (no ring)

@: very slightly contaminated, hasted (expiring), very quick
A: claws 1
a: no special abilities


You were on level 2 of the Dungeon.
You were not hungry.

You visited 1 branch of the dungeon, and saw 3 of its levels.

You collected 88 gold pieces.

Inventory:

Hand Weapons
 a - a cursed -1 short sword (weapon)
Armour
 k - a +1 leather armour (worn)
Scrolls
 d - a scroll of enchant weapon
Potions
 f - 3 potions of curing
Books
 b - a Young Poisoner's Handbook

   Spells                             Type                      Level
   a - Sting                          Conjuration/Poison           1
   b - Mephitic Cloud                 Conjuration/Poison/Air       3
   c - Olgreb's Toxic Radiance        Poison                       4
   d - Alistair's Intoxication        Transmutation/Poison         5
   e - Venom Bolt                     Conjuration/Poison           5
Comestibles
 c - a bread ration
 g - a beef jerky
 h - 4 chunks of flesh


   Skills:
 + Level 0.4 Fighting
 + Level 2.2 Dodging
 + Level 2.1 Stealth
 * Level 2.5 Spellcasting
 + Level 1.0 Conjurations
 * Level 4.4 Poison Magic


You had 3 spell levels left.
You knew the following spells:

 Your Spells              Type           Power        Failure   Level  Hunger
a - Sting                 Conj/Pois      #...         14%         1    #......
b - Mephitic Cloud        Conj/Pois/Air  #.......     63%         3    ###....


Dungeon Overview and Level Annotations

Branches:
Dungeon (3/15)

Altars:

Annotations:
D:2 Sigmund


Innate Abilities, Weirdness & Mutations

You have sharp fingernails.


Message History

Press: ? - help, Shift-Dir - straight line, f - orc
Aim: an orc, wielding a whip (severely wounded)
The sting hits the orc.
The orc is poisoned.
You kill the orc!
You hit the hobgoblin.
The hobgoblin is moderately wounded.
The orc closely misses you. The hobgoblin hits you.
* * * LOW HITPOINT WARNING * * *
You completely miss the orc.
The orc is severely wounded.
The orc hits you but does no damage. The hobgoblin misses you.
There is a stone staircase leading up here.
You climb upwards.
Level annotation: Sigmund
There is a stone staircase leading down here.
Your extra speed is starting to run out.
Sigmund points at you and mumbles some strange words.
The puff of flame hits you!
You die...

......#.# #.....##.###≈≈
#####.#.# ##...##### ##≈
#.#.# ###...### ## #.#.#
#.......####### #.#[#
#.............. #.#.#
#.......##..... #.#.#
#.#...#....####
#.#.############.....#####
## #....@......@.....#.##
.# ###.##############.##
.# #.# #.# .######.# #.#
.@......######## #.#
...............#######.#
##############(........#
###########


You could see Sigmund.

Vanquished Creatures
  An ooze (D:2)
  A worm (D:2)
  3 dart slugs
  A leopard gecko (D:2)
  2 orcs (D:3)
  A ball python (D:1)
  2 bats
  A giant cockroach (D:1)
  6 goblins
  6 hobgoblins
  3 jackals (D:2)
  2 frilled lizards
  6 kobolds
  5 rats
40 creatures vanquished.

Notes
Turn   | Place    | Note
-------+----------+-------------------------------------------
     0 | D:1      | JeffiDaFish the Demonspawn Venom Mage began the quest for the Orb.
     0 | D:1      | Reached XP level 1. HP: 13/13 MP: 3/3
   504 | D:1      | Gained mutation: You have sharp fingernails. [demonic ancestry]
   504 | D:1      | Reached XP level 2. HP: 19/19 MP: 3/5
  1179 | D:2      | Reached skill level 1 in Conjurations
  1190 | D:2      | Reached XP level 3. HP: 11/24 MP: 0/6
  1914 | D:2      | Noticed Sigmund
  1921 | D:2      | Learned a level 3 spell: Mephitic Cloud
  2377 | D:2      | Killed from afar by Sigmund

Skill      XL: |  1  2  3 |
---------------+----------+-----
Dodging        | 2 |  2.2
Conjurations   | 1 |  1.0
Stealth        | 2 |  2.1
Fighting       | |  0.4
Spellcasting   | |  2.5
Poison Magic   | |  4.4

Action                   || total
-------------------------++-------
Melee: Unarmed           ||    45
       Short sword       ||    61
 Cast: Sting             ||    76
  Use: Scroll            ||    10
       Potion            ||     6
  Eat: Chunk             ||     6
Armor: Robe              ||    10
       Leather armour    ||    25
Dodge: Dodged            ||    98
